 Dungeon Crawl Stone Soup version 0.29.1-15-g9cfb28693d (webtiles) character file.

Game seed: 11058931185708366132

97 Atrion the Chopper (level 4, 0/40 HPs)
             Began as a Minotaur Fighter on Mar 5, 2023.
             Was a Follower of Zin.
             Slain by an orc wizard
             ... wielding a +0 dagger
              (1 damage)
             ... on level 3 of the Dungeon.
             The game lasted 00:14:46 (405 turns).

Atrion the Chopper (Minotaur Fighter)                Turns: 405, Time: 00:14:46

Health: 0/40       AC:  7    Str: 23    XL:     4   Next: 42%
Magic:  3/3        EV:  9    Int:  5    God:    Zin [*.....]
Gold:   19         SH:  0    Dex:  9    Spells: 3/3 levels left

rFire   . . .      SeeInvis .   a - +0 war axe
rCold   . . .      Faith    .   c - +0 buckler
rNeg    . . .      Spirit   .   b - +0 scale mail
rPois   +          Reflect  .   (helmet restricted)
rElec   .          Harm     .   (no cloak)
rCorr   .          Rampage  .   (no gloves)
Will    .....                   (no boots)
Stlth   ..........              (no amulet)
HPRegen 0.13/turn               g - ring of poison resistance
MPRegen 0.08/turn               (no ring)

@: confused, brilliant
A: horns 2, retaliatory headbutt
a: Renounce Religion, Recite, Donate Gold


You were on level 3 of the Dungeon.
You worshipped Zin.
Zin was aware of your devotion.
You visited 1 branch of the dungeon, and saw 3 of its levels.

You collected 21 gold pieces.
You donated 2 gold pieces to Zin.

Inventory:

Hand Weapons
 a - a +0 war axe (weapon)
 i - a +2 dagger of draining
 j - a +0 mace
Armour
 b - a +0 scale mail (worn)
 c - a +0 buckler (worn)
 h - a +0 scale mail
Jewellery
 g - a ring of poison resistance (left hand)
Scrolls
 e - a scroll of enchant weapon {unknown}
 l - a scroll of noise {unknown}
Potions
 d - a potion of might


   Skills:
 + Level 4.2 Fighting
 + Level 4.4 Axes
 + Level 4.3 Armour
 + Level 0.2 Dodging
 + Level 3.9 Shields


You had 3 spell levels left.
You didn't know any spells.
Your spell library was empty.

Dungeon Overview and Level Annotations

Branches:
Dungeon (3/15)

Altars:
Zin


Innate Abilities, Weirdness & Mutations

You have a pair of horns on your head.
You reflexively headbutt those who attack you in melee.


Message History

The orc wizard hits you with a +0 dagger.
* * * LOW HITPOINT WARNING * * *
You hit the orc wizard. Your headbutt misses the orc wizard.
The orc wizard is heavily wounded.
You are confused.
The orc wizard gestures at you while chanting.
You are more confused.
The orc wizard gestures at you while chanting.
You resist with some effort.
You barely miss the orc wizard.
The orc wizard is heavily wounded.
The orc wizard misses you.
You're too confused to move!
You hear some strange, mumbled words.
Something tries to affect you, but you resist.
The orc wizard hits you but does no damage.
The orc wizard attacks as you move away!
The orc wizard hits you but does no damage.
You hear some strange, mumbled words.
Something tries to affect you, but you resist.
You see here a +0 short sword.
You bump into the rock wall.
The orc wizard points at you and mumbles some strange words.
The magic dart hits you.
* * * LOW HITPOINT WARNING * * *
You bump into the rock wall.
The orc wizard points at you and mumbles some strange words.
The magic dart hits you.
* * * LOW HITPOINT WARNING * * *
You can't go up here!
You slash the orc wizard!
You kill the orc wizard!
You hear some strange, mumbled words.
You are more confused.
Your Axes skill increases to level 4!
You completely miss something. Something hits you but does no damage.
Unknown command.
You bump into the rock wall.
Something hits you but does no damage. Something hits you.
You die...

.. .## ...
.. ####.
##.=..##
#.....)#
#######)###
.......@)<#
##.....####
#......
#.#.... #
##..# ...
.... ##.##


There were no monsters in sight!

Vanquished Creatures
  An orc wizard (D:3)
  4 gnolls (D:3)
  A dart slug (D:1)
  3 orcs (D:3)
  2 ball pythons (D:1)
  An endoplasm (D:1)
  2 giant cockroaches (D:1)
  A goblin (D:1)
  6 hobgoblins
  2 bats (D:1)
  A frilled lizard (D:1)
  5 kobolds (D:1)
  3 rats (D:1)
32 creatures vanquished.

Notes
Turn   | Place    | Note
-------+----------+-------------------------------------------
     0 | D:1      | Atrion the Minotaur Fighter began the quest for the Orb.
     0 | D:1      | Reached XP level 1. HP: 19/19 MP: 0/0
   146 | D:1      | Found a faded altar of an unknown god.
   164 | D:1      | Reached XP level 2. HP: 27/27 MP: 1/1
   220 | D:1      | Prayed at the altar of an unknown god.
   220 | D:1      | Became a worshipper of Zin the Law-Giver
   220 | D:1      | Reached * piety under Zin
   369 | D:3      | Reached XP level 3. HP: 10/33 MP: 2/2
   388 | D:3      | Reached XP level 4. HP: 15/40 MP: 3/3
   400 | D:3      | HP: 1/40 [orc wizard/magic dart (6)]
   405 | D:3      | Slain by an orc wizard

Illustrated notes

Levels and vault maps discovered:
D:1:      scummos_arrival_simple_crosswalls, layout_rooms,
          ebering_ecumenical_altar_mist
D:2:      layout_basic
D:3:      layout_basic, uniq_terence

Skill      XL: |  1  2  3  4 |
---------------+-------------+-----
Armour         | 4 |  4.3
Axes           | 3 4 |  4.4
Fighting       | 4 |  4.2
Dodging        | |  0.2
Shields        | |  3.9

Action                   |  1- 3 |  4- 6 || total
-------------------------+-------+-------++-------
Melee: War axe           |    48 |    10 ||    58
       Headbutt          |     4 |     2 ||     6
  Use: Potion            |     3 |       ||     3
Armor: Scale mail        |    36 |     5 ||    41
Dodge: Dodged            |    26 |     5 ||    31
Block: Buckler           |    14 |     1 ||    15
